 Dungeon Crawl Stone Soup version 0.25-a0-558-g78a2afb0af (webtiles) character file.

Game seed: 7650401552874789586, levelgen mode: classic

89809 EnegeticOcto the Champion of Chaos (level 15, 0/146 HPs)
             Began as a Deep Dwarf Fighter on Feb 24, 2020.
             Was the Champion of Makhleb.
             Slain by a wolf spider (12 damage)
             ... on level 1 of the Spider Nest.
             The game lasted 00:09:09 (11007 turns).

EnegeticOcto the Champion of Chaos (DDFi)          Turns: 11007, Time: 00:09:09

Health: 0/146      AC: 15    Str: 28    XL:     15   Next: 13%
Magic:  11/11      EV:  8    Int: 10    God:    Makhleb [******]
Gold:   1385       SH:  0    Dex: 12    Spells: 14/14 levels left

rFire    + . .     SeeInvis .   a - +5 broad axe
rCold    + . .     Gourm    .   c - +0 kite shield
rNeg     + . .     Faith    .   d - +0 swamp dragon scales
rPois    +         Spirit   .   D - +1 helmet
rElec    .         Reflect  .   b - scarf {rC+ rF+}
rCorr    +         Harm     .   z - +0 pair of gloves {Str+3}
MR       ++...                  m - +0 pair of boots {Fly}
Stlth    +.........             (no amulet)
HPRegen  0.00/turn              w - ring of resist corrosion
MPRegen  0.12/turn              y - +4 ring of slaying

@: flying, held, non-regenerating
A: damage resistance, heal wounds, negative energy resistance 1, sense
surroundings 2, no regeneration
}: 1/15 runes: decaying
a: Heal Wounds, Minor Destruction, Lesser Servant of Makhleb, Major Destruction,
Greater Servant of Makhleb, Renounce Religion, Stop Flying


You were on level 1 of the Spider Nest.
You worshipped Makhleb.
Makhleb was exalted by your worship.
You were very hungry.

You visited 5 branches of the dungeon, and saw 22 of its levels.

You collected 1513 gold pieces.
You spent 128 gold pieces at shops.

Inventory:

Hand Weapons
 a - a +5 broad axe (weapon)
 h - a +3 war axe of flaming
Armour
 b - a scarf of resistance (worn)
 c - a +0 kite shield (worn)
 d - +0 swamp dragon scales (worn)
 m - a +0 pair of boots of flying (worn)
 x - a +0 plate armour
 z - a +0 pair of gloves of strength (worn)
 D - a +1 helmet (worn)
Jewellery
 w - a ring of resist corrosion (left hand)
 y - a +4 ring of slaying (right hand)
Wands
 i - a wand of flame (63)
 r - a wand of acid (11) {@v1}
 J - a wand of iceblast (8)
 K - a wand of digging (5) {@v2}
Scrolls
 f - a scroll of enchant armour
 g - 8 scrolls of remove curse {@r6}
 s - 6 scrolls of fear
 v - a scroll of blinking {@r3}
 E - a scroll of magic mapping {@r5}
 F - 3 scrolls of teleportation {@r2}
 G - 2 scrolls of identify {@r1}
 I - 2 scrolls of enchant weapon
Potions
 j - 5 potions of stabbing {@q5}
 k - 2 potions of might {@q3}
 n - 2 potions of haste {@q4}
 o - 5 potions of lignification {@q7}
 p - 6 potions of curing {@q1}
 t - 3 potions of heal wounds {@q2}
 u - a potion of flight
 A - 2 potions of invisibility
 B - a potion of berserk rage
 C - a potion of cancellation
Miscellaneous
 q - a lamp of fire
Comestibles
 e - 31 rations


   Skills:
 * Level 12.3 Fighting
 * Level 14.2 Axes
 + Level 10.8 Armour
 + Level 10.4 Dodging
 + Level 10.8 Shields
 * Level 14.6 Invocations


You had 14 spell levels left.
You didn't know any spells.
Your spell library was empty.

Dungeon Overview and Level Annotations

Branches:
Dungeon (10/15)            Temple (1/1) D:6            Lair (6/6) D:8
  Swamp (4/4) Lair:3       Spider (1/4) Lair:2        Slime (0/5) Lair:6
    Orc (0/2) D:9

Altars:
Ashenzari
Cheibriados
Dithmenos
Elyvilon
Fedhas
Gozag
Hepliaklqana
Kikubaaqudgha
Makhleb
Nemelex Xobeh
Okawaru
Qazlal
Ru
Sif Muna
Trog
Uskayaw
Wu Jian
Xom
Yredelemnul
Zin
The Shining One

Shops:
D:4 %   D:5 *}   D:6 *

Annotations:
Lair:6 exclusion: steam dragon


Innate Abilities, Weirdness & Mutations

You are resistant to damage.
You can heal yourself by infusing magical energy.
You resist negative energy. (rN+)
You passively map the area around you.
You do not regenerate.


Message History

You are too injured to fight recklessly!
You are too injured to fight recklessly!
You are too injured to fight recklessly!
You are too injured to fight recklessly!
You are too injured to fight recklessly!
You are too injured to fight recklessly!
You are too injured to fight recklessly!
You are too injured to fight recklessly!
You are too injured to fight recklessly!
You are too injured to fight recklessly!
You are too injured to fight recklessly!
You are too injured to fight recklessly!
You are too injured to fight recklessly!
You are too injured to fight recklessly!
You are too injured to fight recklessly!
You are too injured to fight recklessly!
Your magical essence is drained by the effort!
You feel much better.
The jumping spider leaps!
You block the wolf spider's attack.
The wolf spider bites you but does no damage.
The wolf spider hits you! The wolf spider closely misses you.
You block the wolf spider's attack. The wolf spider bites you.
The jumping spider leaps!
The wolf spider hits you. The wolf spider misses you.
You slash the wolf spider!
The wolf spider is almost dead.
You slash the wolf spider! x2; The wolf spider barely misses you.
The wolf spider bites you but does no damage.
The wolf spider completely misses you. You block the wolf spider's attack. x2
The wolf spider bites you!
The wolf spider hits you but does no damage.
The wolf spider bites you! The wolf spider misses you. x2
You are too injured to fight recklessly!
You are too injured to fight recklessly!
You are too injured to fight recklessly!
You are too injured to fight recklessly!
You are too injured to fight recklessly!
You are too injured to fight recklessly!
You are too injured to fight recklessly!
You are too injured to fight recklessly!
You are too injured to fight recklessly!
You are too injured to fight recklessly!
You are too injured to fight recklessly!
You are too injured to fight recklessly!
You are too injured to fight recklessly!
You are too injured to fight recklessly!
You are too injured to fight recklessly!
You are too injured to fight recklessly!
You are too injured to fight recklessly!
A demon appears!
The jumping spider pounces on you!
* * * LOW HITPOINT WARNING * * *
You are caught in a web!
The jumping spider bites you but does no damage.
The wolf spider hits you!
* * * LOW HITPOINT WARNING * * *
The wolf spider bites you.
* * * LOW HITPOINT WARNING * * *
The wolf spider hits you!
* * * LOW HITPOINT WARNING * * *
The wolf spider bites you but does no damage.
The wolf spider hits you!
* * * LOW HITPOINT WARNING * * *
The wolf spider bites you but does no damage.
The jumping spider leaps!
The wolf spider completely misses you. The wolf spider bites you.
* * * LOW HITPOINT WARNING * * *
The jumping spider pounces on you but does no damage.
The jumping spider bites you but does no damage.
You are too injured to fight recklessly!
You are too injured to fight recklessly!
You are too injured to fight recklessly!
You are too injured to fight recklessly!
You are too injured to fight recklessly!
You are too injured to fight recklessly!
You feel much better.
The wolf spider hits you but does no damage.
The wolf spider bites you!
* * * LOW HITPOINT WARNING * * *
The wolf spider barely misses you.
The wolf spider bites you but does no damage.
The wolf spider completely misses you. The wolf spider bites you.
* * * LOW HITPOINT WARNING * * *
The jumping spider pounces on you.
* * * LOW HITPOINT WARNING * * *
The jumping spider bites you but does no damage.
The wolf spider hits you but does no damage.
The wolf spider bites you but does no damage.
Your hellwing hits the wolf spider.
Your hellwing hits the wolf spider but does no damage.
The wolf spider hits you!
* * * LOW HITPOINT WARNING * * *
The wolf spider bites you!
* * * LOW HITPOINT WARNING * * *
Your magical essence is drained by the effort!
You feel much better. The jumping spider pounces on you!
* * * LOW HITPOINT WARNING * * *
The jumping spider bites you but does no damage.
The wolf spider barely misses you.
The wolf spider bites you but does no damage.
The wolf spider hits you!
You die...

* ....### *
.....#.#######, ,
##............#.*
, *,
..............#
,, , **
*#............#
,, #............
,, ,
*#........°... *
,,
,##..sss4......
,,, ,
,#...s@s....... ,
...##......!..##*
* * , ,,
##........# * ,,
#........# , ^,
,, #...#..### * ,
,* #####.#.# *
,....., ** ...# ,
* ** , ,, * * ,,
*


You could see 3 wolf spiders, 2 jumping spiders and a friendly hellwing.

Vanquished Creatures
  3 thorn hunters
  A fire dragon (Swamp:4)
  14 hydras
  3 catoblepae
  A shambling mangrove (Swamp:4)
  3 alligators
  Urug (Lair:2)
  9 death yaks
  A spriggan druid (Swamp:4)
  7 swamp dragons
  3 lindwurms (Lair:6)
  4 ugly things (Swamp:4)
  A wolf spider (Spider:1)
  A manticore (Lair:6)
  4 black mambas
  17 elephants
  A torpor snail (Lair:6)
  A gargoyle (D:10)
  13 spiny frogs
  Maggie (Temple)
  10 rime drakes
  4 komodo dragons
  A demonic crawler (Spider:1)
  5 jumping spiders
  2 trolls (D:10)
  2 polar bears
  4 tyrant leeches
  2 dream sheep (Lair:6)
  16 blink frogs
  7 bog bodies
  2 redbacks
  16 hippogriffs
  A shadow (Swamp:1)
  6 basilisks
  7 wraiths
  8 wyverns
  28 yaks
  3 hungry ghosts
  A steam dragon (Lair:6)
  5 vampire mosquitoes (Swamp:2)
  4 insubstantial wisps (Swamp:2)
  14 swamp worms
  7 water moccasins
  A hell hound (Lair:5)
  4 porcupines
  An ice beast (D:10)
  13 swamp drakes
  3 orc warriors
  A phantom (D:9)
  A black bear (D:10)
  4 ogres
  A necrophage (D:10)
  A wolf (Lair:6)
  A big kobold (D:8)
  4 crocodiles
  4 centaurs
  12 bullfrogs
  3 scorpions
  13 killer bees
  4 electric eels
  A howler monkey (D:6)
  2 bullfrog zombies
  6 crimson imps
  A centaur zombie (D:7)
  A centaur skeleton (D:8)
  3 orc priests
  7 hounds
  6 jellies
  A bullfrog skeleton (D:4)
  4 iguanas
  8 orc wizards
  4 worker ants
  3 hell rats (Lair:2)
  A hound skeleton (D:7)
  Robin (D:4)
  7 gnolls
  A howler monkey skeleton (D:5)
  4 river rats (Lair:2)
  6 adders
  2 shadow imps
  5 oozes
  3 adder skeletons
  2 worms
  2 leopard geckos
  17 orcs
  3 ball pythons
  A giant cockroach (D:1)
  15 goblins
  4 hobgoblins
  13 jackals
  A quokka (D:4)
  2 frilled lizards (D:4)
  A jackal skeleton (D:4)
  6 kobolds
  10 rats
  8 fungi
477 creatures vanquished.

Vanquished Creatures (collateral kills)
  A death yak (Lair:6)
  A manticore (Lair:6)
  A torpor snail (Lair:6)
3 creatures vanquished.

Vanquished Creatures (others)
  A swamp worm (Swamp:2)
  A hell rat (Lair:6)
  6 briar patches
  9 fungi
  16 plants
33 creatures vanquished.

Grand Total: 513 creatures vanquished

Notes
Turn   | Place    | Note
-------+----------+-------------------------------------------
     0 | D:1      | EnegeticOcto the Deep Dwarf Fighter began the quest for the
                  | Orb.
     0 | D:1      | Reached XP level 1. HP: 20/20 MP: 1/1
   130 | D:3      | Reached XP level 2. HP: 18/27 MP: 2/2
   187 | D:3      | Reached skill level 1 in Dodging
   187 | D:3      | Reached XP level 3. HP: 21/34 MP: 3/3
   351 | D:3      | Found a white marble altar of Elyvilon.
   695 | D:3      | Reached XP level 4. HP: 20/42 MP: 4/4
   932 | D:4      | Noticed Robin
   941 | D:4      | Reached XP level 5. HP: 44/50 MP: 4/4
   947 | D:4      | Killed Robin
   976 | D:4      | Found Ixzotes's Food Emporium.
  1074 | D:4      | You fall into a shaft and drop 1 floor!
  1074 | D:5      | Entered Level 5 of the Dungeon
  1518 | D:5      | Reached XP level 6. HP: 28/57 MP: 5/5
  1873 | D:5      | Reached skill level 5 in Axes
  1873 | D:5      | Reached XP level 7. HP: 30/66 MP: 6/6
  1946 | D:5      | Found Risue's Gadget Emporium.
  2099 | D:5      | Found Cusiexu's Assorted Antiques.
  2107 | D:5      | Bought a scroll labeled WUISIA ZEUMI for 26 gold pieces
  2107 | D:5      | Bought 3 scrolls labeled WUISIA ZEUMI for 78 gold pieces
  2222 | D:6      | Noticed Maggie
  2249 | D:5      | Reached skill level 5 in Fighting
  2399 | D:6      | Reached skill level 5 in Armour
  2399 | D:6      | Reached skill level 5 in Shields
  2399 | D:6      | Reached XP level 8. HP: 31/74 MP: 5/5
  2403 | D:6      | Found a staircase to the Ecumenical Temple.
  2408 | Temple   | Entered the Ecumenical Temple
  2431 | Temple   | Killed Maggie
  2755 | D:6      | Found Telyrch's General Store.
  2758 | D:6      | Bought a scroll of identify for 24 gold pieces
  3201 | D:7      | Gained mutation: You passively map the area around you.
                  | [Deep Dwarf growth]
  3201 | D:7      | Reached XP level 9. HP: 66/82 MP: 5/5
  3841 | D:2      | Found a burning altar of Makhleb.
  3841 | D:2      | Found a glowing silver altar of Zin.
  3842 | D:2      | Found an opulent altar of Gozag.
  3848 | D:2      | Became a worshipper of Makhleb the Destroyer
  3952 | D:7      | Identified a scroll of acquirement
  3952 | D:7      | Identified the +7 glaive of Ygugumpu {vorpal, rF- MR++}
                  | (You acquired it on level 7 of the Dungeon)
  3964 | D:8      | Found a staircase to the Lair.
  3964 | D:8      | Noticed a death yak
  3964 | D:8      | Noticed a death yak
  3964 | D:8      | Noticed a death yak
  3975 | D:8      | Reached skill level 5 in Dodging
  3975 | D:8      | Reached skill level 1 in Invocations
  4000 | D:8      | Killed a death yak
  4016 | D:8      | Killed a death yak
  4037 | D:8      | Killed a death yak
  4037 | D:8      | Reached skill level 5 in Invocations
  4037 | D:8      | Reached XP level 10. HP: 54/94 MP: 4/4
  4096 | D:8      | Found a hide-covered altar of Uskayaw.
  4460 | D:8      | Reached * piety under Makhleb
  4548 | D:8      | Found an ornate altar of the Wu Jian Council.
  4660 | D:8      | Found the +5 scythe "Finisher" {speed, eviscerate}
  5049 | Lair:1   | Entered Level 1 of the Lair of Beasts
  5181 | Lair:2   | Noticed a spiny frog
  5188 | Lair:2   | Killed a spiny frog
  5210 | Lair:2   | Noticed a spiny frog
  5218 | Lair:2   | Killed a spiny frog
  5264 | Lair:2   | Noticed Urug
  5283 | Lair:2   | Killed Urug
  5283 | Lair:2   | Reached XP level 11. HP: 70/104 MP: 7/7
  5482 | Lair:2   | Found a hole to the Spider Nest.
  5556 | Lair:2   | Reached skill level 10 in Axes
  5596 | Lair:2   | Reached ** piety under Makhleb
  6793 | Lair:3   | Reached XP level 12. HP: 93/115 MP: 9/9
  6797 | Lair:3   | Found a staircase to the Swamp.
  6799 | Lair:3   | Reached *** piety under Makhleb
  6869 | Lair:4   | Found an opulent altar of Gozag.
  6966 | Lair:5   | Reached skill level 10 in Invocations
  7292 | Lair:5   | Reached skill level 10 in Fighting
  7400 | Lair:5   | Noticed a catoblepas
  7438 | Lair:5   | Killed a catoblepas
  7447 | Lair:5   | Reached **** piety under Makhleb
  7473 | Lair:5   | Reached XP level 13. HP: 120/124 MP: 11/11
  7591 | Lair:6   | Entered Level 6 of the Lair of Beasts
  7751 | Lair:6   | Reached ***** piety under Makhleb
  8285 | Lair:6   | Reached skill level 10 in Armour
  8331 | Lair:6   | Found a staircase to the Slime Pits.
  8362 | Lair:6   | Reached skill level 10 in Shields
  8762 | D:9      | Found a staircase to the Orcish Mines.
  8803 | D:9      | Gained mutation: You resist negative energy. (rN+) [Deep
                  | Dwarf growth]
  8803 | D:9      | Reached XP level 14. HP: 115/135 MP: 13/13
  9053 | D:9      | Found a shattered altar of Ashenzari.
  9210 | D:10     | Entered Level 10 of the Dungeon
 10257 | Swamp:1  | Entered Level 1 of the Swamp
 10434 | Swamp:2  | Noticed a thorn hunter
 10452 | Swamp:2  | Killed a thorn hunter
 10466 | Swamp:2  | Reached ****** piety under Makhleb
 10470 | Swamp:2  | Noticed a thorn hunter
 10482 | Swamp:2  | Killed a thorn hunter
 10618 | Swamp:4  | Entered Level 4 of the Swamp
 10644 | Swamp:4  | Reached skill level 10 in Dodging
 10729 | Swamp:4  | Noticed a thorn hunter
 10762 | Swamp:4  | Killed a thorn hunter
 10780 | Swamp:4  | Reached XP level 15. HP: 122/145 MP: 14/14
 10816 | Swamp:4  | Got a decaying rune of Zot
 10989 | Spider:1 | Entered Level 1 of the Spider Nest
 11006 | Spider:1 | HP: 6/146 [wolf spider (8)]
 11007 | Spider:1 | Slain by a wolf spider

Levels and vault maps discovered:
D:1:      lightli_arrival_lavapool, layout_basic, nrook_mini_vaults,
          grunt_decor_clamped
D:2:      minmay_general_purpose_star, layout_basic,
          chequers_temple_overflow_statue_of_worship, vehumet_crystals
D:3:      layout_loops_corners, elyvilon_altar_4
D:4:      layout_cave_pools, serial_shops, shop, uniq_robin
D:5:      layout_loops_corners, serial_shops, kennysheep_little_box, shop,
          first_ration
D:6:      kennysheep_six_static_rooms, layout_rooms, minmay_temple_entry_grid,
          serial_shops, nicolae_shop_behind_doors, uniq_maggie
D:7:      layout_loops_ring
D:8:      layout_loops_corners, nicolae_overflow_crystal_walls,
          marbit_many_paths, dpeg_lair_monsters, grunt_pizzeria, minmay_holes,
          minmay_guarded_unrand_finisher
D:9:      kennysheep_blocky_hall, layout_irregular_city, orc_0_dummy,
          ashenzari_altar_1
D:10:     layout_basic
Temple:   regret_index_temple_sphere_string
Lair:1:   dragon1_lemuel, layout_chaotic_city, grunt_megastairs_1
Lair:2:   layout_loops_ring, nicolae_spider_entry_tight_spaces,
          kennysheep_abandoned_house, serial_bayou_shore_b, uniq_urug
Lair:3:   layout_gridlike, nicolae_swamp_entry_splash_gauntlet,
          lemuel_fruit_fields
Lair:4:   layout_misc_corridors, basic_altar, nicolae_lair_grove_arrangements,
          uniq_nergalle, uniq_nessos
Lair:5:   layout_misc_corridors, special_room [special_room_mythical_zoo]
Lair:6:   guppyfry_lair_end_dragon, layout_small_grid, hangedman_lair_in_review,
          nicolae_slime_entry_slimehenge, serial_bayou_lagoon_b
Swamp:1:  layout_falls_marsh, evilmike_swamp_ruin_house_4, swamp_pool1,
          hangedman_swamp_wriggling
Swamp:2:  layout_basic_swamp, evilmike_swamp_ruin_house_6
Swamp:3:  layout_basic_swamp, evilmike_swamp_ruin_house_1, swamp_pool3
Swamp:4:  swamp, layout_basic_swamp
Spider:1: layout_chambers

Skill      XL: |  1  2  3  4  5  6  7  8  9 10 11 12 13 14 |
---------------+-------------------------------------------+-----
Fighting       | 3 4 5 6 7 8 9 10 11 12 | 12.3
Axes           | 3 4 5 7 8 9 10 12 13 14 | 14.2
Dodging        | 1 2 3 4 5 6 7 8 9 10 | 10.4
Armour         | 4 5 6 7 8 9 10 | 10.8
Shields        | 4 5 6 7 8 9 10 | 10.8
Invocations    | 5 7 9 11 12 14 | 14.6

Action                   |  1- 3 |  4- 6 |  7- 9 | 10-12 | 13-15 || total
-------------------------+-------+-------+-------+-------+-------++-------
Melee: War axe           |    57 |   126 |   217 |   488 |   629 ||  1517
       Broad axe         |       |       |       |       |    12 ||    12
Invok: Lesser Servant of |       |       |       |       |     2 ||     2
 Abil: Heal Wounds       |     3 |     3 |    27 |     6 |    12 ||    51
  Use: Scroll            |       |       |    15 |     8 |     4 ||    27
       Potion            |       |       |       |       |     3 ||     3
 Stab: Petrified         |       |       |       |     5 |    20 ||    25
       Distracted        |       |       |       |       |     1 ||     1
       Petrifying        |       |       |       |       |     1 ||     1
       Confused          |       |       |       |       |     1 ||     1
  Eat: Chunk             |       |     3 |    11 |    12 |    14 ||    40
Armor: Scale mail        |    30 |    61 |    56 |       |       ||   147
       Swamp dragon scal |       |       |    41 |   200 |   249 ||   490
       Plate armour      |       |       |    44 |    70 |       ||   114
Dodge: Dodged            |    21 |    38 |   137 |   222 |   393 ||   811
Block: Kite shield       |    46 |    85 |   185 |   288 |   444 ||  1048

Table legend:
 A = Non-vault XP
 B = Vault XP
 C = Vault XP percentage of total XP
 D = Non-vault monster count
 E = Vault monster count
 F = Vault count percentage of total count
                 A         B        C        D         E       F
            +---------+---------+-------+---------+---------+-------
      Total |   65675 |   44053 |  40.1 |     334 |     138 |  29.2
            +---------+---------+-------+---------+---------+-------
        D:1 |       4 |       0 |   0.0 |       2 |       0 |   0.0
        D:2 |      13 |       0 |   0.0 |       5 |       0 |   0.0
        D:3 |     139 |       0 |   0.0 |      17 |       0 |   0.0
        D:4 |     186 |      37 |  16.6 |      18 |      13 |  41.9
        D:5 |     890 |       0 |   0.0 |      26 |       0 |   0.0
        D:6 |     732 |      83 |  10.2 |      13 |       3 |  18.8
        D:7 |     546 |       0 |   0.0 |      14 |       0 |   0.0
        D:8 |     843 |    4813 |  85.1 |      23 |      14 |  37.8
        D:9 |    1958 |     391 |  16.6 |      17 |       4 |  19.0
       D:10 |    4011 |       0 |   0.0 |      34 |       0 |   0.0
     Temple |      63 |     376 |  85.6 |       1 |       1 |  50.0
     Lair:1 |     652 |       0 |   0.0 |       4 |       0 |   0.0
     Lair:2 |    4090 |    2809 |  40.7 |      12 |      20 |  62.5
     Lair:3 |    5240 |     890 |  14.5 |      22 |       5 |  18.5
     Lair:4 |    1436 |       0 |   0.0 |       5 |       0 |   0.0
     Lair:5 |    7985 |    7106 |  47.1 |      19 |      26 |  57.8
     Lair:6 |   14322 |   10242 |  41.7 |      45 |      26 |  36.6
    Swamp:1 |    1917 |       0 |   0.0 |       8 |       0 |   0.0
    Swamp:2 |   12379 |       0 |   0.0 |      27 |       0 |   0.0
    Swamp:3 |     329 |       0 |   0.0 |       2 |       0 |   0.0
    Swamp:4 |    6500 |   17306 |  72.7 |      16 |      26 |  61.9
   Spider:1 |    1440 |       0 |   0.0 |       4 |       0 |   0.0
            +---------+---------+-------+---------+---------+-------
